 Dungeon Crawl Stone Soup version 0.30.1-3-gfc49f6343a (webtiles) character file.

Game seed: 8463864816954375197

1425 boopmooplesden the Twirler (level 8, 0/54 (60) HPs)
             Began as a Demonspawn Gladiator on July 31, 2023.
             Was a Believer of Okawaru.
             Slain by a wight
             ... wielding a +0 trident
              (3 damage)
             ... on level 6 of the Dungeon.
             The game lasted 00:07:37 (4642 turns).

boopmooplesden the Twirler (Demonspawn Gladiator)   Turns: 4642, Time: 00:07:37

HP:   0/54 (60)     AC: 10    Str: 17    XL:     8   Next: 44%
MP:   8/8           EV: 14    Int: 10    God:    Okawaru [**....]
Gold: 376           SH:  0    Dex: 14    Spells: 7/7 levels left

rFire   + . .        a - +1 quarterstaff (venom)
rCold   . . .        (shield currently unavailable)
rNeg    . . .        g - +0 ring mail
rPois   .            c - +0 helmet
rElec   .            (no cloak)
rCorr   .            (no gloves)
SInv    .            (no boots)
Will    .....        (no amulet)
Stlth   ++           m - ring of protection from fire
HPRegen 0.29/turn    u - +4 ring of protection
MPRegen 0.11/turn

%: no passive effects
@: heavily drained
A: powered by pain 2, sturdy frame 2, demonic magic 1
a: Renounce Religion, Heroism


You were on level 6 of the Dungeon.
You worshipped Okawaru.
Okawaru was pleased with you.
You visited 1 branch of the dungeon, and saw 6 of its levels.

You collected 376 gold pieces.

Inventory:

Hand Weapons
 a - a +1 quarterstaff of venom (weapon)
Missiles
 d - 2 throwing nets (quivered)
 e - a javelin
Armour
 b - a +0 leather armour
 c - a +0 helmet (worn)
 g - a +0 ring mail (worn)
 j - a +0 scale mail
Jewellery
 k - a ring of flight
 m - a ring of protection from fire (left hand)
 n - a ring of poison resistance
 u - a +4 ring of protection (right hand)
 x - a ring of magical power
Wands
 w - a wand of iceblast (9)
Scrolls
 i - 3 scrolls of identify
 p - a scroll of magic mapping
 s - a scroll of enchant weapon
 t - a scroll of teleportation
Potions
 f - a potion of haste
 h - 3 potions of curing
 l - a potion of berserk rage
 o - 2 potions of mutation
 r - 3 potions of might
 v - a potion of degeneration
 A - a potion of magic


   Skills:
 + Level 3.7 Fighting
 + Level 7.4 Staves
 + Level 2.0 Throwing
 + Level 3.2 Armour
 + Level 5.1 Dodging
 + Level 1.5 Stealth


You had 7 spell levels left.
You didn't know any spells.
Your spell library contained the following spells:

 Spells                   Type           Power      Damage    Failure   Level
 Ozocubu's Armour         Ice            0%         N/A       77%         3
 Portal Projectile        Hex/Tloc       0%         N/A       77%         3
 Leda's Liquefaction      Hex/Erth       0%         N/A       99%         4
 Ozocubu's Refrigeration  Ice            0%         4d7       100%        7
 Call Canine Familiar     Summ           Unusable   N/A       N/A         3

Dungeon Overview and Level Annotations

Branches:
Dungeon (6/15)             Temple (0/1) D:6

Altars:
Nemelex Xobeh
Okawaru
Uskayaw

Shops:
D:1 :!?*[


Innate Abilities, Weirdness & Mutations

You sometimes gain power by taking damage.
Your movements are less encumbered by armour. (ER -4)
Spells you cast may paralyse adjacent enemies.


Message History

The wight is severely damaged.
The wight completely misses you. The wight hits you but does no damage.
You closely miss the wight.
The wight is severely damaged.
The wight completely misses you. The wight barely misses you.
You closely miss the wight.
The wight is severely damaged.
The wight hits you with a +2 battleaxe of distortion.
The wight closely misses you.
You hit the wight.
The wight is almost destroyed.
The wight hits you with a +2 battleaxe of distortion.
You feel drained. Space warps around you. The wight completely misses you.
You closely miss the wight.
The wight is almost destroyed.
You barely miss the wight.
The wight is almost destroyed.
The wight hits you with a +2 battleaxe of distortion.
You feel drained. The wight barely misses you.
You hit the wight.
You destroy the wight!
Okawaru accepts your kill.
The wight hits you from afar with a +0 spear.
You feel drained.
A gnoll comes into view. It is wielding a +0 club.
The wight closely misses you. The wight misses you.
Items here: )) [[.
You barely miss the wight.
The wight hits you from afar with a +0 trident!
The wight hits you with a +0 spear!
You hit the wight.
The wight is moderately damaged.
The wight barely misses you. The wight hits you with a +0 spear!
* * * LOW HITPOINT WARNING * * *
You hit the wight but do no damage.
The wight is moderately damaged.
The wight hits you from afar with a +0 trident!
* * * LOW HITPOINT WARNING * * *
You feel drained.
You die...

#..#.#.#####.#.#......#.#########
...........#.....####.#+#
..).##.#.....#.... ..
##....[#...#######. ..
##...###...# ### ...#.......#
########>..# # #...#######$#####
#...'....@zz.....
#...#######.$.... #...# .....
#...# .... #...# ... #...# .g
#...# . #..)#


You could see 2 wights and a gnoll (asleep).

Vanquished Creatures
  Sigmund (D:6)
  Eustachio (D:5)
  A water moccasin (D:6)
  Blork the orc (D:6)
  A bullfrog (D:6)
  A scorpion (D:6)
  2 wights (D:6)
  A howler monkey (D:6)
  2 hounds (D:5)
  2 orc priests (D:5)
  A gnoll bouda (D:6)
  A jelly (D:5)
  2 sleepcaps
  An iguana (D:6)
  5 orc wizards
  Robin (D:2)
  4 gnolls
  11 adders
  2 ufetubi
  A worm (D:3)
  A dart slug (D:1)
  26 orcs
  4 ball pythons
  3 bats (D:3)
  8 endoplasms
  3 giant cockroaches
  18 goblins
  13 hobgoblins
  7 jackals (D:2)
  A quokka (D:4)
  2 frilled lizards (D:1)
  6 kobolds
  6 rats
140 creatures vanquished.

Notes
Turn   | Place    | Note
-------+----------+-------------------------------------------
     0 | D:1      | boopmooplesden the Demonspawn Gladiator began the quest for
                  | the Orb.
     0 | D:1      | Reached XP level 1. HP: 16/16 MP: 1/1
    60 | D:1      | Found Vaesol's Antique Armour Shoppe.
   146 | D:1      | Found Kigonwuch's General Store.
   312 | D:1      | Found Diobuy Zurupn's Magic Scroll Shop.
   344 | D:1      | Found a faded altar of an unknown god.
   383 | D:1      | Reached skill level 3 in Staves
   383 | D:1      | Gained mutation: You sometimes gain a little power by
                  | taking damage. [demonic ancestry]
   383 | D:1      | Reached XP level 2. HP: 8/22 MP: 2/2
   467 | D:1      | Found Cusujudu's Book Emporium.
   472 | D:1      | Found Elizir's Distillery.
   784 | D:2      | Noticed Robin
   801 | D:2      | Gained mutation: Spells you cast may paralyse adjacent
                  | enemies. [demonic ancestry]
   801 | D:2      | Reached XP level 3. HP: 21/27 MP: 3/3
   813 | D:2      | Killed Robin
  1245 | D:2      | Gained mutation: Your movements are slightly less
                  | encumbered by armour. (ER -2) [demonic ancestry]
  1245 | D:2      | Reached XP level 4. HP: 29/33 MP: 4/4
  1631 | D:3      | Reached skill level 1 in Armour
  1655 | D:4      | Gained mutation: You sometimes gain power by taking damage.
                  | [demonic ancestry]
  1655 | D:4      | Reached XP level 5. HP: 13/39 MP: 5/5
  1666 | D:4      | Reached skill level 4 in Staves
  2345 | D:3      | Reached XP level 6. HP: 46/46 MP: 6/6
  2557 | D:3      | Found a hide-covered altar of Uskayaw.
  2557 | D:3      | Found an iron altar of Okawaru.
  2625 | D:3      | Became a worshipper of Warmaster Okawaru
  2752 | D:3      | Found a sparkling altar of Nemelex Xobeh.
  2907 | D:5      | Entered Level 5 of the Dungeon
  3058 | D:5      | Reached skill level 5 in Staves
  3058 | D:5      | Reached skill level 1 in Stealth
  3389 | D:5      | Reached XP level 7. HP: 25/52 MP: 7/7
  3555 | D:5      | Noticed Eustachio
  3569 | D:5      | Killed Eustachio
  3569 | D:5      | Reached * piety under Okawaru
  3929 | D:6      | Noticed Sigmund
  3929 | D:6      | Noticed Blork the orc
  3962 | D:6      | Killed Sigmund
  3963 | D:6      | Reached skill level 6 in Staves
  3994 | D:6      | Killed Blork the orc
  4299 | D:6      | Found a staircase to the Ecumenical Temple.
  4380 | D:6      | Gained mutation: Your movements are less encumbered by
                  | armour. (ER -4) [demonic ancestry]
  4380 | D:6      | Reached XP level 8. HP: 57/58 MP: 8/8
  4398 | D:6      | Reached skill level 7 in Staves
  4413 | D:6      | Reached ** piety under Okawaru
  4631 | D:6      | Reached skill level 5 in Dodging
  4642 | D:6      | Slain by a wight

Illustrated notes

Levels and vault maps discovered:
D:1:      grunt_arrival_lava_bath, layout_basic, serial_shops,
          nicolae_diamond_shop, nicolae_shop_waterfront,
          nicolae_shop_industrial_runoff, nicolae_lakefront_shop,
          nicolae_diamond_shop, hellmonk_ecumenical_altar_blasted
D:2:      layout_basic, uniq_robin
D:3:      layout_rooms, nicolae_overflow_two_pavilions, lemuel_doored_altar
D:4:      layout_cave_pools, corexii_shack
D:5:      layout_cave_pods, nrook_mini_backslash, uniq_eustachio
D:6:      minmay_evil_eye, layout_basic, minmay_temple_entry_statues_pillars,
          uniq_sigmund, uniq_blork_the_orc

Skill      XL: |  1  2  3  4  5  6  7  8 |
---------------+-------------------------+-----
Staves         | 3 4 5 6 7 |  7.4
Dodging        | 3 4 5 |  5.1
Armour         | 1 2 3 |  3.2
Fighting       | 3 |  3.7
Stealth        | 1 |  1.5
Throwing       | 2 |  2.0

Action                     |  1- 3 |  4- 6 |  7- 9 || total
---------------------------+-------+-------+-------++-------
  Melee: Quarterstaff      |   128 |   257 |   103 ||   488
  Throw: Throwing net      |       |     3 |     1 ||     4
    Use: Scroll            |     2 |    15 |     1 ||    18
         Potion            |       |     2 |       ||     2
   Stab: Sleeping          |       |     2 |       ||     2
 Armour: Leather armour    |    44 |     8 |       ||    52
         Ring mail         |       |   142 |    23 ||   165
  Dodge: Dodged            |   102 |   237 |    76 ||   415
